Map: [ESL] Ghost River

Players

YoungYakov - Winner!

  • Race: Zerg Zerg
  • Spawn Location: 11:00

AqueroN

  • Race: Terran Terran
  • Spawn Location: 1:00

Event: ESL SC2 Masters 2024 Spring (Regional)

VOD

Have the link to the VOD?

Description

Time

  • Played on: April 16, 2024, 12:47 p.m.
  • Length: 16:35

All games in this series

Show
View Real Time Build Order
Export as new Build Order

YoungYakov Zerg - Winner!

Build Orders: Hatch First, Lurkers 

Get SALT Encoding   

  12  0:00  Drone  
  13  0:12  Overlord  
  13  0:16  Drone  
  14  0:30  Drone  
  14  0:31  Drone  
  16  0:48  Hatchery  
  15  0:51  Drone  
  15  0:55  Drone  
  17  0:58  Drone  
  18  1:10  Extractor  
  17  1:13  Spawning Pool  
  17  1:16  Drone  
  17  1:19  Drone  
  18  1:28  Drone  
  19  1:38  Drone  
  20  2:00  Overlord, Queen x2  
  24  2:01  Zergling x4  
  26  2:11  Drone x2  
  26  2:12  Metabolic Boost  
  28  2:20  Extractor  
  27  2:26  Drone  
  27  2:27  Drone  
  29  2:34  Drone  
  29  2:36  Extractor  
  30  2:38  Overlord, Queen  
  31  2:45  Drone x2  
  31  2:48  Queen  
  35  2:54  Extractor  
  35  2:58  Drone x2  
  37  3:06  Drone x2  
  39  3:16  Drone x2  
  39  3:17  Overlord  
  42  3:27  Drone  
  42  3:30  Extractor  
  42  3:31  Drone  
  44  3:34  Overlord  
  44  3:35  Overlord, Queen  
  44  3:38  Hatchery  
  45  3:46  Drone x4  
  49  3:49  Drone x2  
  49  3:52  Overlord  
  51  4:00  Queen  
  53  4:04  Baneling Nest  
  53  4:06  Drone x2  
  54  4:11  Drone  
  54  4:13  Overlord, Drone x2  
  54  4:14  Zergling x2  
  58  4:22  Spore Crawler  
  57  4:24  Spore Crawler  
  57  4:26  Queen  
  57  4:27  Drone x2  
  57  4:28  Spore Crawler  
  59  4:35  Zergling x4  
  61  4:40  Lair  
  61  4:41  Drone x5  
  66  4:48  Drone x2  
  66  4:49  Zergling x2  
  69  4:55  Zergling x2  
  70  5:00  Extractor  
  70  5:01  Zergling x4  
  70  5:06  Drone  
  72  5:08  Hatchery  
  72  5:09  Baneling x2  
  69  5:16  Overlord  
  69  5:17  Drone x6  
  69  5:21  Drone x2  
  77  5:23  Drone  
  77  5:24  Drone x2  
  80  5:31  Hatchery  
  80  5:35  Zergling x8  
  80  5:40  Evolution Chamber  
  79  5:45  Drone x5  
  84  5:55  Evolution Chamber x2  
  84  5:56  Overseer, Drone x6  
  89  6:00  Overlord  
  89  6:02  Hatchery  
  89  6:03  Overlord  
  88  6:06  Extractor  
  88  6:07  Overlord, Extractor  
  88  6:10  Queen  
  88  6:12  Overlord, Drone x2  
  88  6:17  Overlord x2  
  90  6:21  Overseer  
  90  6:27  Zergling x16  
  96  6:34  Drone  
  96  6:36  Zergling x4  
  96  6:38  Zerg Ground Armor Level 1, Zerg Melee Weapons Level 1  
  96  6:39  Centrifugal Hooks  
  99  6:46  Zergling x10  
  99  6:47  Zergling x2  
  104  6:52  Drone  
  104  6:53  Drone x3  
  103  7:00  Drone x2  
  99  7:07  Hydralisk Den  
  97  7:08  Zergling x2  
  97  7:09  Zergling x18, Extractor  
  97  7:13  Baneling x2  
  106  7:16  Drone x3  
  106  7:19  Zergling x8, Queen  
  106  7:21  Baneling  
  106  7:22  Baneling x5  
  115  7:23  Baneling x2  
  115  7:24  Zergling x2  
  115  7:29  Zergling x8  
  120  7:34  Zergling x2, Queen x2  
  124  7:37  Muscular Augments  
  124  7:40  Zergling x10  
  124  7:41  Zergling x2  
  124  7:42  Baneling x3  
  127  7:51  Zergling x16  
  123  7:56  Zergling x4  
  123  7:58  Zergling x4, Queen x2  
  117  8:00  Baneling x3  
  117  8:02  Baneling x4  
  121  8:07  Zergling x10  
  124  8:15  Baneling x4  
  124  8:16  Zergling x6  
  124  8:17  Zergling x8  
  129  8:22  Zergling x12  
  134  8:27  Baneling x3  
  134  8:30  Zergling x12  
  139  8:35  Zergling x10  
  142  8:41  Grooved Spines  
  142  8:42  Overlord  
  142  8:46  Hydralisk x4  
  149  8:52  Hydralisk x3  
  141  8:56  Zergling x8  
  141  8:59  Zergling x8  
  141  9:02  Zergling x4  
  144  9:05  Hydralisk  
  144  9:06  Hydralisk  
  148  9:10  Zergling x10  
  153  9:19  Zergling x8  
  153  9:24  Overseer, Zerg Ground Armor Level 2  
  157  9:25  Zerg Melee Weapons Level 2  
  157  9:26  Overlord x2  
  157  9:28  Overlord  
  157  9:32  Overlord x2  
  157  9:36  Lurker Den  
  153  9:38  Baneling x3  
  153  9:39  Baneling  
  153  9:44  Hydralisk x5  
  161  9:50  Zergling x10  
  151  9:57  Zergling x14  
  156  10:02  Infestation Pit  
  156  10:06  Drone x6  
  157  10:14  Zergling x8  
  157  10:15  Zergling x8  
  157  10:18  Drone x2  
  157  10:20  Extractor  
  165  10:24  Zergling x4  
  164  10:38  Zergling x6  
  164  10:39  Zergling x12  
  164  10:40  Hive  
  172  10:48  Burrow  
  172  10:50  Zergling x14  
  172  10:52  Overlord  
  172  10:55  Overlord  
  172  10:56  Extractor  
  178  10:58  Baneling x3, Extractor  
  178  10:59  Baneling  
  177  11:10  Baneling x11  
  177  11:11  Zergling x32  
  165  11:16  Zergling x4  
  169  11:27  Hydralisk x2  
  169  11:28  Hydralisk x5  
  169  11:30  Zergling x4  
  155  11:35  Zergling x4  
  155  11:36  Lurker x2  
  155  11:37  Lurker x3  
  128  11:48  Zergling x14  
  128  11:53  Seismic Spines  
  125  11:57  Hydralisk x2  
  121  12:03  Lurker x2  
  121  12:04  Zergling x2  
  121  12:05  Zergling x18  
  133  12:13  Zergling x8  
  134  12:20  Hydralisk x2  
  132  12:29  Hydralisk  
  128  12:30  Hydralisk x2  
  128  12:31  Zergling x4  
  134  12:38  Hydralisk  
  134  12:39  Hydralisk x4  
  134  12:40  Zergling x2  
  145  12:52  Adaptive Talons  
  145  12:53  Zergling x2  
  145  12:54  Zergling x14  
  145  12:56  Lurker  
  154  13:05  Zergling x12, Queen  
  156  13:09  Lurker x2  
  153  13:13  Zergling x2  
  153  13:19  Viper  
  155  13:20  Zergling x12  
  161  13:36  Hatchery  
  161  13:38  Lurker x2  
  162  13:42  Zergling x10  
  162  13:43  Zergling x8  
  157  13:51  Zergling x6  
  157  13:55  Viper  
  157  13:57  Viper  
  163  14:12  Zergling x12  
  163  14:13  Hatchery  
  166  14:30  Queen x2  
  166  14:32  Zergling x4  
  168  14:46  Overlord x3  
  168  14:51  Pneumatized Carapace  
  168  14:57  Zergling x12  
  174  15:03  Overlord x3  
  169  15:25  Hydralisk x8  
  150  15:29  Zergling x6  
  146  15:46  Zergling x2  
  146  15:47  Zergling x24  
  152  15:52  Hydralisk x2  
  141  16:07  Hydralisk  
  141  16:08  Hydralisk x4  
  148  16:12  Zergling x8  
  148  16:14  Lurker x2  
Show
View Real Time Build Order
Export as new Build Order

AqueroN Terran 

Build Orders: Reaper Expand, Hellion Banshee 

Get SALT Encoding   

  12  0:00  SCV  
  13  0:12  SCV  
  14  0:17  Supply Depot  
  14  0:24  SCV  
  15  0:38  SCV  
  15  0:39  Barracks  
  16  0:43  Refinery  
  16  0:50  SCV  
  17  1:02  SCV  
  18  1:14  SCV  
  19  1:26  Reaper  
  19  1:27  Orbital Command  
  20  1:39  Command Center  
  20  1:47  Supply Depot  
  21  1:54  SCV  
  21  2:00  Bunker  
  21  2:01  Marine  
  21  2:06  SCV  
  23  2:13  Factory  
  23  2:18  SCV  
  23  2:21  Barracks Reactor  
  24  2:29  Refinery  
  24  2:30  SCV  
  25  2:42  SCV  
  26  2:51  Orbital Command  
  26  2:54  SCV  
  26  2:58  Starport  
  27  3:05  Hellion x2  
  31  3:06  SCV  
  31  3:07  Barracks Tech Lab  
  32  3:18  SCV  
  33  3:29  SCV  
  33  3:33  Hellion x2  
  38  3:41  SCV x2  
  39  3:44  Cloaking Field, Banshee  
  41  3:50  Supply Depot  
  41  3:57  Hellion  
  41  3:58  SCV, Hellion  
  46  4:08  Supply Depot  
  46  4:12  SCV x2  
  46  4:14  Supply Depot  
  48  4:22  Hellion x2  
  53  4:24  SCV  
  53  4:25  SCV  
  53  4:29  Banshee  
  57  4:38  Command Center  
  57  4:39  SCV x2  
  57  4:42  Barracks Tech Lab  
  59  4:51  SCV x2, Barracks  
  61  4:54  Barracks  
  61  4:58  Engineering Bay x2  
  61  5:01  Stimpack, Factory Reactor  
  61  5:03  SCV  
  61  5:06  SCV  
  63  5:16  SCV  
  63  5:18  SCV  
  65  5:22  Refinery  
  65  5:23  Starport Reactor  
  65  5:27  Terran Infantry Weapons Level 1, Barracks  
  65  5:28  SCV  
  66  5:29  Barracks  
  66  5:30  SCV, Terran Infantry Armor Level 1  
  66  5:35  Refinery  
  67  5:40  SCV  
  67  5:42  Marine x2  
  70  5:49  SCV  
  71  5:50  Orbital Command  
  71  5:52  SCV, Supply Depot  
  71  5:53  Supply Depot  
  71  5:55  Supply Depot  
  71  5:56  Marine x2  
  74  6:00  Siege Tank  
  74  6:03  Marine  
  74  6:04  Marine  
  79  6:10  Medivac x2  
  79  6:11  Marine  
  84  6:13  SCV  
  84  6:17  Marine x2  
  87  6:18  Barracks Reactor x2  
  87  6:20  Orbital Command  
  87  6:28  Marine x3  
  87  6:30  SCV x2  
  87  6:32  Supply Depot  
  92  6:36  Supply Depot  
  92  6:42  Marine x2  
  92  6:47  Marine x2  
  93  6:53  SCV x2, Marine  
  92  6:59  Marine x2  
  92  7:00  Marine x4  
  97  7:01  Medivac x2  
  97  7:04  SCV, Marine x2  
  97  7:05  SCV x2  
  106  7:10  Siege Tank, Combat Shield  
  106  7:11  Marine  
  110  7:19  Armory  
  110  7:22  Marine x2  
  112  7:24  Marine  
  112  7:28  Marine x2  
  115  7:32  Marine  
  115  7:33  Marine x3  
  118  7:40  SCV x3  
  118  7:42  Medivac x2  
  125  7:46  Marine  
  125  7:47  Marine x2  
  115  7:54  Marine  
  115  7:57  Marine  
  115  7:58  Marine  
  112  8:01  SCV x3  
  112  8:05  Marine x3  
  115  8:08  Siege Tank  
  118  8:13  Marine  
  118  8:14  Barracks Reactor, Marine  
  118  8:17  Terran Infantry Weapons Level 2, Terran Infantry Armor Level 2  
  118  8:18  Marine  
  115  8:21  SCV x2  
  115  8:22  SCV  
  115  8:24  Marine x4  
  122  8:31  Marine  
  122  8:33  SCV x2  
  125  8:37  Supply Depot  
  125  8:38  Supply Depot  
  125  8:40  SCV  
  126  8:48  Barracks, Marine  
  127  8:49  Barracks  
  127  8:50  Barracks  
  127  8:53  Marine  
  127  8:54  Marine  
  123  8:58  SCV x2  
  123  8:59  SCV  
  123  9:00  Siege Tank, Marine  
  128  9:08  Marine x4  
  132  9:12  Medivac  
  134  9:17  Marine  
  134  9:18  Marine x2  
  134  9:23  Marine x2  
  139  9:25  Marine  
  140  9:32  Supply Depot  
  140  9:33  Supply Depot  
  140  9:34  Supply Depot  
  140  9:35  Siege Tank  
  142  9:38  Marine x3  
  142  9:43  Marine  
  142  9:44  Marine x3  
  139  9:54  Marine x3  
  139  9:55  Marine x2  
  139  9:57  SCV  
  139  9:58  SCV, Supply Depot  
  146  10:05  Marine  
  146  10:06  Marine x3  
  150  10:07  Siege Tank  
  150  10:11  Medivac, Marine x3  
  150  10:12  Marine  
  159  10:16  Marine x2  
  159  10:17  Marine x2  
  163  10:23  Marine x2  
  163  10:24  Marine x2  
  167  10:29  Marine x3  
  170  10:36  Marine x3  
  170  10:39  Marine  
  170  10:40  Siege Tank  
  174  10:43  Marine  
  174  10:44  Marine x3  
  174  10:47  Marine x3  
  181  11:00  Supply Depot x2, Marine x4  
  185  11:07  Marine x3  
  185  11:08  Marine x3  
  185  11:10  Marine x2  
  188  11:18  Marine  
  186  11:23  Marine x3  
  186  11:25  Marine  
  182  11:30  Marine  
  170  11:33  Liberator x2  
  170  11:35  Marine x2  
  170  11:36  Marine x3  
  170  11:37  Marine x2  
  144  11:48  Marine  
  144  11:57  Siege Tank  
  140  12:18  Liberator x2  
  145  12:25  Marine x2  
  146  12:34  Siege Tank  
  145  12:41  Marine x2  
  145  12:42  Marine x4  
  145  12:43  Barracks Tech Lab x3  
  145  12:44  SCV x3  
  150  12:54  Marauder  
  150  12:56  SCV x3, Marine x2  
  154  12:59  Marine x3  
  144  13:08  SCV  
  137  13:14  Liberator x2  
  137  13:15  SCV x2  
  144  13:20  SCV  
  145  13:31  Siege Tank  
  145  13:54  Marauder x2  
  145  13:56  Liberator x2  
  145  13:58  Concussive Shells  
  151  14:05  Marauder x2  
  155  14:20  Siege Tank  
  155  14:21  Marauder  
  155  14:22  Marauder  
  152  14:39  Liberator x2, Marauder x2  
  162  14:58  Marauder x2  
  162  14:59  Siege Tank  
  169  15:00  Marauder  
  158  15:27  Liberator x2  
  117  16:06  Marine x3  
  117  16:07  Marine  
Tags
 
Add a new tag
Caveats
  • Supply blocks, unpowered buildings, or Contaminate may cause inaccurate times.
  • Supply counts are checked every 10 seconds.